 Dungeon Crawl Stone Soup version 0.28.0-53-g5a82cb258f (webtiles) character file.

Game seed: 10168269633189194518

37 yokelz the Slasher (level 3, -6/28 HPs)
             Began as a Palentonga Gladiator on Aug 6, 2022.
             Killed from afar by Natasha (11 damage)
             ... with a magic dart
             ... on level 2 of the Dungeon.
             The game lasted 00:02:18 (810 turns).

yokelz the Slasher (Palentonga Gladiator)            Turns: 810, Time: 00:02:18

Health: -6/28      AC:  5    Str: 17    XL:     3   Next: 21%
Magic:  3/3        EV: 10    Int:  8    God:
Gold:   32         SH:  0    Dex: 13    Spells: 2/2 levels left

rFire   . . .      SeeInvis +   a - +0 long sword
rCold   . . .      Faith    .   (no shield)
rNeg    . . .      Spirit   .   b - +0 leather armour
rPois   .          Reflect  .   c - +0 helmet
rElec   .          Harm     .   (no cloak)
rCorr   .          Rampage  .   (no gloves)
Will    .....                   (no barding)
Stlth   +.........              (no amulet)
HPRegen 0.09/turn               (no ring)
MPRegen 0.08/turn               (no ring)

@: no status effects
A: large, rugged brown scales 3, see invisible, deformed body, roll 1, armoured
tail
a: Rolling Charge


You were on level 2 of the Dungeon.
You visited 1 branch of the dungeon, and saw 2 of its levels.

You collected 32 gold pieces.

Inventory:

Hand Weapons
 a - a +0 long sword (weapon)
Missiles
 d - 3 throwing nets (quivered)
 e - 3 datura-tipped darts
Armour
 b - a +0 leather armour (worn)
 c - a +0 helmet (worn)
Potions
 f - a potion of invisibility {unknown}


   Skills:
 - Level 2.0 Fighting
 + Level 4.3 Long Blades
 - Level 1.3 Throwing
 - Level 2.4 Dodging


You had 2 spell levels left.
You didn't know any spells.
Your spell library was empty.

Dungeon Overview and Level Annotations

Branches:
Dungeon (2/15)

Altars:

Annotations:
D:2 Natasha


Innate Abilities, Weirdness & Mutations

You are completely covered in rugged brown scales. (AC +3, +7% HP)
You have supernaturally acute eyesight. (SInv)
Armour fits poorly on your strangely shaped body.
You can roll at nearby foes to attack.
You have a long armoured tail.


Message History

a +0 short sword; 5 stones; a kobold corpse Natasha, Servant of Life and Death comes into view.
Natasha casts a spell.
Natasha closely misses you.
You hit Natasha.
Natasha is moderately wounded.
Natasha claws you!
You miss Natasha.
Natasha is moderately wounded.
Natasha casts a spell at you. The magic dart hits you.
The shadow imp hits you but does no damage.
You closely miss Natasha.
Your tail-slap misses Natasha.
Natasha is moderately wounded.
Natasha stares at you and mumbles some strange words.
The magic dart hits you!
* * * LOW HITPOINT WARNING * * *
The shadow imp hits you but does no damage.
You hit Natasha.
Your tail-slap misses Natasha.
Natasha is moderately wounded.
Natasha barely misses you.
The shadow imp hits you but does no damage.
Natasha misses you.
You closely miss Natasha.
You tail-slap Natasha, but do no damage.
Natasha is moderately wounded.
The shadow imp closely misses you. Natasha claws you.
* * * LOW HITPOINT WARNING * * *
The shadow imp grinds its teeth.
Natasha casts a spell.
The shadow imp barely misses you.
The crimson imp blinks!
Natasha casts a spell.
The shadow imp gestures at you. Pain shoots through your body!
* * * LOW HITPOINT WARNING * * *
The shadow imp lashes its tail.
The shadow imp disappears in a puff of smoke!
Natasha casts a spell at you. The magic dart hits you!
You die...

......#.####.##.##.####.####### .
...............................
.......(..####.##..#.#...........
.######.#.####.##^.#.#...########
.# #.#....#.##..#.#...# ##### .#
#.#.##.#.##....#...####.... .#
#.#.##....).#..#.....<#.##.
.######.#.####.#.....#...........
.........5.5.h..@.............###
.######.#.#####..#...............
.# #.#.# #..#.#..##.######## .#
#.#.# #..#.##.##.........
#######.#.# #..#.##.##..#######
#...#.#.# #..#.##.##..#
#.#.#.#.#####..#.##..#..##
#.#.#.#.#..................
#.#.#.#.#.###.....##.......


You could see Natasha, a crimson imp (summoned) and a shadow imp (summoned).

Vanquished Creatures
  2 adders (D:2)
  A worm (D:2)
  2 endoplasms
  A giant cockroach (D:1)
  3 hobgoblins
  A kobold (D:2)
  A ball python (D:2)
  2 bats
  3 rats (D:1)
16 creatures vanquished.

Notes
Turn   | Place    | Note
-------+----------+-------------------------------------------
     0 | D:1      | yokelz the Palentonga Gladiator began the quest for the
                  | Orb.
     0 | D:1      | Reached XP level 1. HP: 17/17 MP: 1/1
   208 | D:1      | Found a faded altar of an unknown god.
   215 | D:1      | You fall into a shaft and drop 1 floor!
   226 | D:2      | Reached XP level 2. HP: 22/23 MP: 2/2
   326 | D:2      | Reached skill level 4 in Long Blades
   379 | D:2      | Reached XP level 3. HP: 28/28 MP: 3/3
   787 | D:2      | Noticed Natasha
   810 | D:2      | Killed from afar by Natasha

Illustrated notes

Levels and vault maps discovered:
D:1:      dpeg_arrival_simpleton_b, layout_rooms,
          chequers_ecumenical_altar_simple_redux
D:2:      layout_basic, minmay_pentomino_u2, uniq_jessica, uniq_natasha

Skill      XL: |  1  2 |
---------------+-------+-----
Long Blades    | 4 |  4.3
Fighting       | |  2.0
Throwing       | |  1.3
Dodging        | |  2.4

Action                   || total
-------------------------++-------
Melee: Long sword        ||    52
       Tailslap          ||     4
Armor: Leather armour    ||    22
Dodge: Dodged            ||    27
